[Event "Titled Tuesday Blitz April 19 Early 2022"]
[White "Janaszak, Dawid"]
[Black "Tsyhanchuk, Stanislav"]
[WhiteFideId "1119206"]
[BlackFideId "13505130"]
[WhiteElo "2199"]
[BlackElo "2078"]
[Result "1/2-1/2"]
[Round "06"]
[TimeControl "180+1"]
[Date "2022.04.19"]
[WhiteClock "0:00:13"]
[BlackClock "0:00:09"]

1. e4 c5 2. b3 Nc6 3. Bb2 e5 4. f4 exf4 5. Nf3 d6 6. Bb5 Nf6 7. O-O Be7 8. e5 dxe5 9. Nxe5 Bd7 10. Bxc6 Bxc6 11. Nxc6 bxc6 12. Rxf4 O-O 13. d3 Nd5 14. Rf3 Bf6 15. Bxf6 Nxf6 16. Nd2 Re8 17. Kh1 Qd4 18. h3 Rad8 19. Nc4 Nd5 20. Qf1 Re7 21. Re1 Rde8 22. Rxe7 Rxe7 23. Nd6 Nf6 24. Nf5 Qe5 25. Nxe7+ Qxe7 26. Qf2 Nd5 27. Qg3 g6 28. c4 Nb4 29. Re3 Qf6 30. Qb8+ Kg7 31. Qe5 Nxa2 32. Qxf6+ Kxf6 33. Re8 Nc1 34. Rc8 Nxb3 35. Rxc6+ Ke5 36. Ra6 Kd4 37. Rxa7 Kxd3 38. Rxf7 h5 39. Rf6 g5 40. Rf5 g4 41. h4 Kxc4 42. Rxh5 Kd3 43. Rg5 c4 44. Rxg4 c3 45. Rg3+ Kd2 46. Rg8 c2 47. Rd8+ Ke3 48. Rc8 c1=Q+ 49. Rxc1 Nxc1 50. h5 Ne2 51. h6 Nf4 52. Kh2 Ng6 53. Kg3 Ke4 54. Kg4 Ke5 55. Kg5 Nf8 56. g3 Ke6 57. g4 Ke5 58. Kh5 Kf6 59. g5+ Kf5 60. h7 Nxh7 61. g6 Nf6+ 62. Kh6 Ke6 63. g7 Kf7 64. g8=Q+ Nxg8+ 1/2-1/2


[Site "https://www.chess.com"]

[Event "Titled Tuesday Blitz April 19 Early 2022"]
[White "Jegorovas, Aleksandras"]
[Black "Krishna, C R G"]
[WhiteFideId "12801950"]
[BlackFideId "5018625"]
[WhiteElo "2247"]
[BlackElo "2332"]
[Result "0-1"]
[Round "06"]
[TimeControl "180+1"]
[Date "2022.04.19"]
[WhiteClock "0:00:39"]
[BlackClock "0:01:37"]

1. Nf3 d5 2. e3 Nf6 3. c4 c6 4. d4 Bf5 5. Nc3 a6 6. Qb3 b5 7. cxd5 cxd5 8. a4 b4 9. Qxb4 Nc6 10. Qb3 Rb8 11. Qd1 Nb4 12. e4 Nxe4 13. Nh4 Nxc3 14. bxc3 Nc2+ 15. Kd2 Nxa1 16. Nxf5 e6 17. Bxa6 Nb3+ 18. Kd3 Nxc1+ 19. Qxc1 exf5 20. Bb5+ Rxb5 21. axb5 Be7 22. Qf4 O-O 23. Qxf5 g6 24. Qf3 Qd7 25. Rb1 Rb8 26. Qh3 Qc7 27. Qg3 Qc4+ 28. Kd2 Rxb5 29. Rxb5 Qxb5 30. Qc7 Bg5+ 31. f4 Qb2+ 32. Kd3 Qb1+ 33. Kd2 Qb2+ 34. Kd3 Bf6 35. Qb8+ Qxb8 0-1


[Site "https://www.chess.com"]

[Event "Titled Tuesday Blitz April 19 Early 2022"]
[White "Johnson, Ben"]
[Black "Sovetbekova, Nurai"]
[WhiteFideId "2010917"]
[BlackFideId "13801910"]
[WhiteElo "2114"]
[BlackElo "1538"]
[Result "0-1"]
[Round "06"]
[TimeControl "180+1"]
[Date "2022.04.19"]
[WhiteClock "0:00:02"]
[BlackClock "0:00:05"]

1. Nf3 Nf6 2. c4 g6 3. b3 Bg7 4. Bb2 O-O 5. g3 b6 6. Bg2 Bb7 7. O-O c5 8. Nc3 Nc6 9. Nd5 Nxd5 10. Bxg7 Kxg7 11. cxd5 Nb4 12. d4 Nxd5 13. dxc5 bxc5 14. Ng5 e6 15. h4 h5 16. Rc1 Rc8 17. e4 Nb4 18. e5 Bxg2 19. Kxg2 Qc7 20. Re1 f6 21. exf6+ Rxf6 22. a3 Nd5 23. b4 c4 24. Qd4 Ne7 25. Ne4 e5 26. Qe3 Rf5 27. Nc5 Rcf8 28. Re2 Nd5 29. Qe4 Nf6 30. Qb7 Qxb7+ 31. Nxb7 d5 32. Nd6 Ng4 33. Nxf5+ Rxf5 34. Rd2 Nf6 35. f3 e4 36. fxe4 Nxe4 37. Re2 Kf6 38. Rf1 Ke5 39. Rxf5+ gxf5 40. Kf3 d4 41. Re1 d3 42. Rc1 Kd4 43. b5 d2 44. Rd1 c3 45. a4 c2 46. Ke2 cxd1=Q+ 47. Kxd1 Kd3 48. b6 Nc3# 0-1


[Site "https://www.chess.com"]

[Event "Titled Tuesday Blitz April 19 Early 2022"]
[White "Karavade, Eesha"]
[Black "Mekhitarian, Krikor Sevag"]
[WhiteFideId "5012600"]
[BlackFideId "2107660"]
[WhiteElo "2258"]
[BlackElo "2598"]
[Result "1-0"]
[Round "06"]
[TimeControl "180+1"]
[Date "2022.04.19"]
[WhiteClock "0:00:57"]
[BlackClock "0:00:04"]

1. d4 Nf6 2. c4 g6 3. Nc3 d5 4. cxd5 Nxd5 5. Nf3 Bg7 6. e4 Nxc3 7. bxc3 c5 8. Be3 Qa5 9. Nd2 cxd4 10. Nc4 dxe3 11. Nxa5 Bxc3+ 12. Ke2 Bxa5 13. Kxe3 Bb6+ 14. Kf3 O-O 15. Bb5 Rd8 16. Qa4 Nc6 17. Bxc6 bxc6 18. Rhd1 Bb7 19. Qb4 c5 20. Qc4 Rd4 21. Rxd4 cxd4 22. Rc1 Kg7 23. Kg3 Rd8 24. Qd3 e5 25. f3 Rd7 26. a4 Re7 27. Qb5 Bd8 28. a5 a6 29. Qc5 h6 30. Rb1 h5 31. Rd1 Kf8 32. Qd6 Ke8 33. Rb1 h4+ 34. Kf2 Bc8 35. Rb8 Rc7 36. Qxe5+ Kf8 37. Qxd4 Be7 38. Qh8# 1-0


[Site "https://www.chess.com"]

[Event "Titled Tuesday Blitz April 19 Early 2022"]
[White "Karavaeva, Olga"]
[Black "Vidonyak, Roman"]
[WhiteFideId "4124111"]
[BlackFideId "14100622"]
[WhiteElo "2105"]
[BlackElo "2431"]
[Result "0-1"]
[Round "06"]
[TimeControl "180+1"]
[Date "2022.04.19"]
[WhiteClock "0:00:26"]
[BlackClock "0:00:14"]

1. c4 e5 2. Nc3 Bb4 3. Nd5 Be7 4. g3 Nf6 5. Nxe7 Qxe7 6. Bg2 O-O 7. e3 Nc6 8. Ne2 d6 9. O-O Bf5 10. d4 exd4 11. Nxd4 Nxd4 12. Qxd4 Be4 13. f3 Bf5 14. e4 Bd7 15. Bg5 Qe5 16. Bxf6 gxf6 17. Rad1 Bc6 18. Qd2 Kh8 19. b3 Rg8 20. Kh1 Rae8 21. Rfe1 Qh5 22. Qf4 Qg5 23. Bh3 Rg6 24. Bf5 Rh6 25. Rd2 Rg8 26. Bg4 b6 27. Rg2 a5 28. Kg1 Qc5+ 29. Kh1 Rhg6 30. h4 Qb4 31. Ree2 Qc3 32. h5 R6g7 33. Kh2 a4 34. Re3 Qe5 35. Qf5 Rg5 36. Qxe5 fxe5 37. b4 f6 38. Kh3 Be8 39. Kh4 Bf7 40. f4 Rxg4+ 41. Kh3 exf4 42. Rf3 fxg3 43. Rxf6 Bxh5 44. Re6 Bf7 45. Re7 Bxc4 46. Rxc7 Bf1 0-1


[Site "https://www.chess.com"]

[Event "Titled Tuesday Blitz April 19 Early 2022"]
[White "Kim, Sergey"]
[Black "Richter, Nils"]
[WhiteFideId "13700570"]
[BlackFideId "12990809"]
[WhiteElo "2570"]
[BlackElo "2243"]
[Result "0-1"]
[Round "06"]
[TimeControl "180+1"]
[Date "2022.04.19"]
[WhiteClock "0:00:16"]
[BlackClock "0:00:13"]

1. d4 d5 2. c4 c6 3. Nf3 Nf6 4. Qc2 g6 5. e3 Bg7 6. Bd3 O-O 7. Nbd2 Nbd7 8. O-O dxc4 9. Nxc4 Nb6 10. b3 a5 11. Bb2 a4 12. Rad1 axb3 13. axb3 Bg4 14. Nce5 Nbd5 15. Nxg4 Nxg4 16. Qd2 Qb6 17. h3 Ngf6 18. Bc4 Ra2 19. Ra1 Rfa8 20. Rxa2 Rxa2 21. Qc2 Nb4 22. Qb1 Nfd5 23. e4 Nf4 24. Re1 Rxb2 25. Qxb2 Nbd3 26. Qd2 Nxe1 27. Qxe1 h6 28. e5 e6 29. Qe4 Nd5 30. g3 Qb4 31. Kg2 Qc3 32. Bxd5 cxd5 33. Qe3 Qc2 34. h4 Bf8 35. h5 gxh5 36. Ne1 Qd1 37. Nf3 Kg7 38. Qc3 Qe2 39. Qc7 b5 40. Qd7 Bb4 41. Qd8 Bf8 42. Qf6+ Kg8 43. Qd8 Qc2 44. Qf6 Qxb3 45. Qf4 Qd3 46. g4 hxg4 47. Nh4 Qe4+ 48. Kg3 Qxf4+ 49. Kxf4 b4 50. Ke3 b3 51. Kd3 Bb4 52. Ng2 Kg7 53. Nf4 Be1 54. Nh5+ Kg6 55. Ng3 Bxf2 56. Ne2 b2 57. Kc2 g3 58. Kxb2 g2 59. Nf4+ Kf5 60. Nxg2 Bxd4+ 61. Kc2 Bxe5 62. Kd3 h5 63. Ne3+ Kg5 64. Ke2 Bf4 65. Nc2 e5 66. Nb4 d4 67. Kf3 h4 68. Nc6 f5 69. Ne7 e4+ 70. Kg2 d3 71. Nd5 d2 72. Nc3 e3 73. Kf3 h3 74. Ke2 h2 0-1


[Site "https://www.chess.com"]

[Event "Titled Tuesday Blitz April 19 Early 2022"]
[White "Koelle, Tobias"]
[Black "Prohorov, Olexandr"]
[WhiteFideId "16207378"]
[BlackFideId "14105578"]
[WhiteElo "2541"]
[BlackElo "1993"]
[Result "1/2-1/2"]
[Round "06"]
[TimeControl "180+1"]
[Date "2022.04.19"]
[WhiteClock "0:00:21"]
[BlackClock "0:00:15"]

1. Nf3 c6 2. e3 Nf6 3. c4 d5 4. b3 Bf5 5. Nc3 e6 6. Be2 Bd6 7. d4 O-O 8. O-O h6 9. Bb2 Nbd7 10. Rc1 Rc8 11. Bd3 Bxd3 12. Qxd3 e5 13. cxd5 cxd5 14. dxe5 Nxe5 15. Nxe5 Bxe5 16. Na4 Bxb2 17. Nxb2 Rxc1 18. Rxc1 Re8 19. h3 Qa5 20. Na4 Ne4 21. g3 h5 22. h4 g6 23. Kg2 a6 24. Qd4 b5 25. Qxd5 Nxf2 26. Kxf2 Rd8 27. b4 Rxd5 28. bxa5 bxa4 29. Kf3 Rd2 30. Rc6 Rxa2 31. Rxa6 a3 32. Rc6 Ra1 33. Rc2 Rf1+ 34. Ke4 Rf5 35. Kd4 Rxa5 36. Ra2 1/2-1/2


[Site "https://www.chess.com"]

[Event "Titled Tuesday Blitz April 19 Early 2022"]
[White "Korchmar, Vasiliy"]
[Black "Sztokbant, Bernardo Vainzoff"]
[WhiteFideId "24131750"]
[BlackFideId "2115956"]
[WhiteElo "2370"]
[BlackElo "2225"]
[Result "1-0"]
[Round "06"]
[TimeControl "180+1"]
[Date "2022.04.19"]
[WhiteClock "0:00:41"]
[BlackClock "0:00:02"]

1. d4 d5 2. Bf4 Bf5 3. e3 e6 4. Nf3 Nf6 5. Nbd2 Bd6 6. Ne5 c5 7. c3 Nc6 8. Bb5 Rc8 9. Qa4 Bxe5 10. Bxe5 Qb6 11. Bd6 Nd7 12. Nb3 cxd4 13. cxd4 a6 14. Be2 Nxd4 15. Qxd4 Qxd6 16. Qxg7 Qe5 17. Qh6 Qxb2 18. Rd1 Bc2 19. Rd2 Qb1+ 20. Bd1 Bxd1 21. Rxd1 Qxa2 22. Nd4 Qa5+ 23. Kf1 Qd8 24. g3 Qf6 25. Qh5 Ne5 26. Kg2 O-O 27. Ne2 Kh8 28. Nf4 Ng6 29. Rd4 Rc2 30. Rb1 e5 31. Nxd5 Qxf2+ 32. Kh3 Qg2+ 33. Kg4 f5+ 34. Kg5 Qf2 35. Rxb7 Qxh2 36. Rxh7+ Kg8 37. Qxg6# 1-0


[Site "https://www.chess.com"]

[Event "Titled Tuesday Blitz April 19 Early 2022"]
[White "Kosteniuk, Alexandra"]
[Black "Paravyan, David"]
[WhiteFideId "4128125"]
[BlackFideId "4194985"]
[WhiteElo "2469"]
[BlackElo "2569"]
[Result "1/2-1/2"]
[Round "06"]
[TimeControl "180+1"]
[Date "2022.04.19"]
[WhiteClock "0:00:10"]
[BlackClock "0:00:05"]

1. e4 e5 2. Nf3 Nf6 3. Nxe5 d6 4. Nf3 Nxe4 5. Bd3 d5 6. O-O Be7 7. Re1 O-O 8. Bxe4 dxe4 9. Rxe4 c5 10. Nc3 Nc6 11. d3 b6 12. Bf4 Bb7 13. Re1 Qd7 14. Ne5 Nxe5 15. Bxe5 Rfe8 16. Qh5 Bf8 17. Bg3 Re6 18. Rxe6 Qxe6 19. Qe2 Qc6 20. f3 Re8 21. Qd2 Qd7 22. Re1 Rxe1+ 23. Qxe1 c4 24. dxc4 Qd4+ 25. Bf2 Qxc4 26. h4 Bc6 27. a3 h6 28. Qe5 Qa6 29. Bd4 Qb7 30. b4 Qd7 31. b5 Bb7 32. a4 f6 33. Qe3 Bb4 34. Ne4 Ba5 35. c3 Kf8 36. Qf4 Bd5 37. Qb8+ Kf7 38. Qf4 Qe7 39. Nd6+ Kg8 40. h5 Qd7 41. Nf5 Be6 42. Nh4 Bf7 43. g4 Qe6 44. Kf2 Qa2+ 45. Kg3 Qb1 46. Nf5 Qe1+ 47. Kg2 Bxc3 48. Bxc3 Qxc3 49. Qb8+ Kh7 50. Qxa7 Qd2+ 51. Kg3 Qe1+ 52. Kg2 Qe2+ 53. Kg3 Qe1+ 54. Kg2 Qe2+ 55. Kg3 Qe1+ 1/2-1/2


[Site "https://www.chess.com"]

[Event "Titled Tuesday Blitz April 19 Early 2022"]
[White "Krylov, Ivan"]
[Black "Markelova, Lubov"]
[WhiteFideId "24128066"]
[BlackFideId "24131369"]
[WhiteElo "2258"]
[BlackElo "1857"]
[Result "1-0"]
[Round "06"]
[TimeControl "180+1"]
[Date "2022.04.19"]
[WhiteClock "0:02:01"]
[BlackClock "0:01:39"]

1. e4 c5 2. Nf3 d6 3. c3 g6 4. d4 cxd4 5. cxd4 Bg7 6. Nc3 Nf6 7. Bf4 Nc6 8. h3 O-O 9. Bd3 Re8 10. d5 Nb4 11. Bb1 Qb6 12. O-O Bd7 13. Qd2 Rac8 14. a3 Na6 15. Bd3 Nc5 16. Bc2 Nb3 17. Bxb3 Qxb3 18. Nd4 b5 19. Nxb3 1-0


[Site "https://www.chess.com"]

[Event "Titled Tuesday Blitz April 19 Early 2022"]
[White "Lagunov, Evgenij"]
[Black "Vetokhin, Ilia"]
[WhiteFideId "4125363"]
[BlackFideId "24156078"]
[WhiteElo "2200"]
[BlackElo "1897"]
[Result "1/2-1/2"]
[Round "06"]
[TimeControl "180+1"]
[Date "2022.04.19"]
[WhiteClock "0:00:45"]
[BlackClock "0:00:05"]

1. e4 c5 2. Nf3 Nc6 3. d4 cxd4 4. Nxd4 Nf6 5. Nc3 d6 6. Be3 Ng4 7. Nxc6 bxc6 8. Bf4 e5 9. Bg3 Be7 10. Bc4 O-O 11. O-O Nf6 12. h3 Rb8 13. Bb3 Be6 14. Qd2 Qc7 15. Bxe6 fxe6 16. b3 Nd7 17. Kh1 Rf7 18. Na4 Rbf8 19. c4 c5 20. Rad1 Nb8 21. Nc3 Nc6 22. Nb5 Qd7 23. Nxd6 Rd8 24. Nxf7 Qxd2 25. Rxd2 Rxd2 26. Nxe5 Nxe5 27. Bxe5 Rxa2 28. f4 Re2 29. Rd1 Rxe4 30. Rd7 Bf6 31. Bd6 Bd4 32. Rxa7 h6 33. g4 Re3 34. Kg2 Rxb3 35. Rc7 Rb4 36. Bxc5 Rxc4 37. Bd6 Rxc7 38. Bxc7 Kf7 39. Kf3 g6 40. Ke4 Bb2 41. Be5 Ba3 42. h4 Be7 43. h5 Ba3 44. hxg6+ Kxg6 45. Bc7 Bb2 46. Be5 Ba3 47. Bd4 Bd6 48. Bf2 h5 49. g5 Bc7 50. Bd4 Bd6 51. Bf2 Bc7 52. Be1 Bd6 53. Bh4 Bc7 54. Bg3 Bd6 55. Bf2 1/2-1/2


[Site "https://www.chess.com"]

[Event "Titled Tuesday Blitz April 19 Early 2022"]
[White "Lauridsen, Jesper Morch"]
[Black "Pesotskiy, Mikhail"]
[WhiteFideId "1401890"]
[BlackFideId "34164453"]
[WhiteElo "2255"]
[BlackElo "2010"]
[Result "0-1"]
[Round "06"]
[TimeControl "180+1"]
[Date "2022.04.19"]
[WhiteClock "0:01:07"]
[BlackClock "0:01:05"]

1. e4 e6 2. d4 d5 3. exd5 exd5 4. Nf3 Bd6 5. Bd3 Nc6 6. O-O Nge7 7. h3 O-O 8. c3 Bf5 9. Bxf5 Nxf5 10. Qd3 Qd7 11. b4 a6 12. Nbd2 Rfe8 13. Nb3 b6 14. Bd2 a5 15. b5 Nce7 16. Rae1 Ng6 17. Rxe8+ Rxe8 18. Re1 Rxe1+ 19. Nxe1 a4 20. Nc1 Bf8 21. Ne2 Nd6 22. Ng3 Qxb5 23. Qxb5 Nxb5 24. Nf5 Na3 25. Nd3 Nc4 26. Bc1 c6 27. g3 Ne7 28. Ne3 Nxe3 29. fxe3 Nf5 30. Kf2 Nd6 31. Ne5 Ne4+ 32. Kf3 Nxc3 33. Nxc6 Nxa2 34. Bb2 b5 35. e4 dxe4+ 36. Kxe4 b4 37. d5 b3 38. Ke5 a3 39. Bxa3 Bxa3 40. d6 Bxd6+ 41. Kxd6 b2 42. Ne7+ Kh8 43. Ng6+ fxg6 0-1


[Site "https://www.chess.com"]

[Event "Titled Tuesday Blitz April 19 Early 2022"]
[White "Le, Tuan Minh"]
[Black "Kezin, Roman"]
[WhiteFideId "12401153"]
[BlackFideId "24124621"]
[WhiteElo "2450"]
[BlackElo "2570"]
[Result "0-1"]
[Round "06"]
[TimeControl "180+1"]
[Date "2022.04.19"]
[WhiteClock "0:00:09"]
[BlackClock "0:00:18"]

1. d4 d5 2. Nf3 Nf6 3. Bf4 c5 4. c3 Nc6 5. e3 Bg4 6. Qb3 Qc8 7. Nbd2 e6 8. Ne5 Be7 9. Nxg4 Nxg4 10. Be2 Nf6 11. O-O O-O 12. dxc5 Bxc5 13. Rfd1 a6 14. Rac1 Re8 15. Bg5 Nd7 16. c4 d4 17. Ne4 h6 18. Bh4 b6 19. Nxc5 bxc5 20. Bg3 e5 21. Qa3 Rb8 22. Bg4 Rb4 23. b3 a5 24. Qb2 g6 25. Qd2 f5 26. exd4 fxg4 27. Qxh6 Nf8 28. dxe5 Nd4 29. Re1 Rb7 30. Qf4 Rf7 31. Qe4 Qf5 32. Qd5 Nfe6 33. Qe4 Ng5 34. Qd5 Nge6 35. Qe4 Kh7 36. Rcd1 Rb8 37. Re3 Rb4 38. Qd3 Qxd3 39. Rdxd3 a4 40. Re4 axb3 41. axb3 Ra7 42. h3 gxh3 43. gxh3 Rxb3 44. Rxb3 Nxb3 45. h4 Nd2 46. Rg4 Ra4 47. f4 Rxc4 48. Kg2 Re4 49. Kf2 c4 50. Bh2 c3 51. Rg1 c2 52. Rc1 Rc4 53. Ke2 Nb3 54. Rxc2 Rxc2+ 55. Kf3 Rxh2 56. Ke4 Rxh4 57. Kd5 Nbd4 58. Kd6 Rxf4 59. Ke7 g5 60. Kd6 g4 61. Ke7 g3 62. Kd6 g2 63. Ke7 0-1


[Site "https://www.chess.com"]

[Event "Titled Tuesday Blitz April 19 Early 2022"]
[White "Lehtosaari, Mauri"]
[Black "Sapunov, Evgeny"]
[WhiteFideId "501999"]
[BlackFideId "4126661"]
[WhiteElo "2542"]
[BlackElo "2470"]
[Result "0-1"]
[Round "06"]
[TimeControl "180+1"]
[Date "2022.04.19"]
[WhiteClock "0:00:02"]
[BlackClock "0:00:20"]

1. d4 Nf6 2. Nf3 g6 3. Bg5 Bg7 4. Nbd2 d5 5. e3 Nbd7 6. Be2 O-O 7. O-O c5 8. c3 b6 9. a4 a6 10. Bh4 Bb7 11. Ne5 Nxe5 12. dxe5 Nd7 13. f4 Re8 14. Bf3 Qc7 15. Bg3 Rad8 16. Qb3 c4 17. Qc2 Qc5 18. Bf2 Qc7 19. Rae1 b5 20. axb5 axb5 21. e4 Nc5 22. Bxc5 Qxc5+ 23. Kh1 d4 24. cxd4 Qxd4 25. Nb1 b4 26. Rd1 Qc5 27. Nd2 Ba6 28. Nb3 Qb6 29. Nc1 g5 30. fxg5 Bxe5 31. Bh5 Rf8 32. Rxd8 Qxd8 33. Qf2 Qd4 34. Bxf7+ Kg7 35. Qf5 Bc8 36. Qf3 Be6 37. Ne2 Qd3 38. Nf4 Bxf4 39. Qxd3 cxd3 40. Bxe6 d2 41. Bb3 Rc8 42. Rd1 Bxg5 43. g3 Rd8 44. Kg2 Bf6 45. Rb1 Rd3 46. Bd1 Re3 47. Bf3 Re1 48. Bd1 Bd4 49. Kf3 e5 50. b3 Kf6 51. h4 h6 52. Kg4 Kg6 53. h5+ Kf6 54. Kf3 Kg5 55. g4 Kh4 56. Kg2 Kg5 57. Kf3 Bc5 58. Kg2 Kf4 59. Kh3 Rg1 60. Kh2 Rf1 61. Kg2 Rf2+ 62. Kh3 Rf1 63. Kg2 Re1 64. Kh3 Bd4 65. Kg2 Bc3 66. Kh3 Kxe4 67. g5 hxg5 68. Kg2 Kf4 69. h6 g4 70. h7 e4 71. Kf2 e3+ 72. Kg2 e2 73. Bxe2 Rxb1 0-1


[Site "https://www.chess.com"]

[Event "Titled Tuesday Blitz April 19 Early 2022"]
[White "Lewtak, Damian"]
[Black "Chigaev, Maksim"]
[WhiteFideId "1141724"]
[BlackFideId "4108116"]
[WhiteElo "2362"]
[BlackElo "2478"]
[Result "0-1"]
[Round "06"]
[TimeControl "180+1"]
[Date "2022.04.19"]
[WhiteClock "0:01:44"]
[BlackClock "0:01:54"]

1. d4 Nf6 2. c3 g6 3. Qd3 Bg7 4. e4 d6 5. h4 h5 6. Nf3 O-O 7. Ng5 Nc6 8. f4 e5 9. dxe5 dxe5 10. Qxd8 Rxd8 11. Bc4 Rf8 12. b3 exf4 13. Ba3 Ne5 14. Bxf8 Bxf8 15. Nd2 Nfg4 16. Rf1 Bd6 17. Rc1 Ne3 18. Rg1 Bc5 19. Rh1 Nxg2+ 20. Ke2 Bg4+ 21. Ngf3 Rd8 22. Rcf1 Ne3 0-1


[Site "https://www.chess.com"]

[Event "Titled Tuesday Blitz April 19 Early 2022"]
[White "Ljukin, Sergei"]
[Black "Atakhan, Abtin"]
[WhiteFideId "14102200"]
[BlackFideId "22502203"]
[WhiteElo "2312"]
[BlackElo "2094"]
[Result "1-0"]
[Round "06"]
[TimeControl "180+1"]
[Date "2022.04.19"]
[WhiteClock "0:00:14"]
[BlackClock "0:00:51"]

1. e4 c5 2. Nf3 Nc6 3. d4 cxd4 4. Nxd4 g6 5. c4 Nf6 6. Nc3 d6 7. Be2 Nxd4 8. Qxd4 Bg7 9. Be3 O-O 10. Qd2 Be6 11. f3 Qa5 12. Rc1 Rfc8 13. Nd5 Qd8 14. O-O a6 15. Nb6 Rc6 16. Nxa8 Qxa8 17. b4 Qc8 18. b5 Rc7 19. Bb6 Rd7 20. a4 Qa8 21. a5 Ne8 22. f4 f5 23. Bf3 Nf6 24. exf5 Bxf5 25. Qe2 h5 26. Bd5+ Kh7 27. Be6 Bg4 28. Bxg4 Nxg4 29. f5 g5 30. Qe6 Nf6 31. Bd4 Rc7 32. b6 Rc6 33. Qxe7 d5 34. cxd5 Rxc1 35. Rxc1 Ne8 36. Bxg7 1-0


[Site "https://www.chess.com"]

[Event "Titled Tuesday Blitz April 19 Early 2022"]
[White "Lou, Yiping"]
[Black "Oparin, Grigoriy"]
[WhiteFideId "8603928"]
[BlackFideId "24125890"]
[WhiteElo "2412"]
[BlackElo "2665"]
[Result "0-1"]
[Round "06"]
[TimeControl "180+1"]
[Date "2022.04.19"]
[WhiteClock "0:00:21"]
[BlackClock "0:01:56"]

1. c4 Nf6 2. Nc3 c5 3. Nf3 e6 4. g3 b6 5. Bg2 Bb7 6. O-O Be7 7. d4 cxd4 8. Qxd4 O-O 9. b3 d6 10. Rd1 Nbd7 11. Ba3 Nc5 12. Rac1 Qb8 13. Nh4 Rd8 14. Bb2 a6 15. e4 Ncd7 16. h3 Qa7 17. Nf3 Qb8 18. Nd2 Ne5 19. f4 Ned7 20. Kh2 b5 21. Ne2 e5 22. Qe3 Nc5 23. cxb5 exf4 24. Nxf4 axb5 25. a3 Ncd7 26. b4 Ne5 27. Nd5 Nfg4+ 28. hxg4 Nxg4+ 0-1


[Site "https://www.chess.com"]

[Event "Titled Tuesday Blitz April 19 Early 2022"]
[White "Lysyj, Igor"]
[Black "Bortnyk, Olexandr"]
[WhiteFideId "4150120"]
[BlackFideId "14120828"]
[WhiteElo "2611"]
[BlackElo "2723"]
[Result "0-1"]
[Round "06"]
[TimeControl "180+1"]
[Date "2022.04.19"]
[WhiteClock "0:00:19"]
[BlackClock "0:00:07"]

1. d4 d6 2. Nf3 Nf6 3. c4 g6 4. Nc3 Bf5 5. Qb3 Qc8 6. Nh4 Bd7 7. e4 Bg7 8. Be2 Nc6 9. Nf3 e5 10. dxe5 dxe5 11. Be3 O-O 12. h3 Nh5 13. O-O Nd4 14. Bxd4 exd4 15. Nd5 Re8 16. e5 c6 17. Nb4 Nf4 18. Rfe1 Bxe5 19. Bf1 Bf6 20. Nd3 Nxd3 21. Bxd3 Qc7 22. c5 Be6 23. Bc4 Bxc4 24. Qxc4 Rxe1+ 25. Rxe1 Rd8 26. Rd1 Rd5 27. Ne1 b5 28. cxb6 axb6 29. a4 Rc5 30. Qb3 Kg7 31. Nd3 Ra5 32. Qc4 Qd7 33. b3 h5 34. Rc1 Rg5 35. Kf1 c5 36. Re1 Qb7 37. f3 Rf5 38. Kg1 Qd7 39. Re4 Bd8 40. f4 Bc7 41. g3 Rf6 42. Kh2 h4 43. g4 Qc6 44. Nf2 Rxf4 45. Rxf4 Bxf4+ 46. Kg1 Qf3 0-1


[Site "https://www.chess.com"]

[Event "Titled Tuesday Blitz April 19 Early 2022"]
[White "Mangialardo, Tiago Carvalho"]
[Black "Manukian, Artak"]
[WhiteFideId "2130718"]
[BlackFideId "13301373"]
[WhiteElo "2043"]
[BlackElo "2319"]
[Result "0-1"]
[Round "06"]
[TimeControl "180+1"]
[Date "2022.04.19"]
[WhiteClock "0:00:03"]
[BlackClock "0:00:27"]

1. e4 c6 2. c4 d5 3. exd5 cxd5 4. cxd5 Nf6 5. Bb5+ Nbd7 6. Nc3 g6 7. Nf3 Bg7 8. d6 exd6 9. Qe2+ Qe7 10. Qxe7+ Kxe7 11. O-O Re8 12. d4 Kf8 13. Bf4 d5 14. Ne5 a6 15. Nxd7+ Bxd7 16. Bxd7 Nxd7 17. Nxd5 Re2 18. Be3 Rxb2 19. Rfb1 Rxb1+ 20. Rxb1 b5 21. Rc1 Nf6 22. Nc7 Rc8 23. Nxa6 Rxc1+ 24. Bxc1 Nd5 25. Ba3+ Ke8 26. Bc5 Kd7 27. Kf1 Kc6 28. a3 h5 29. g3 h4 30. Ke2 h3 31. Kd3 f5 32. Ke2 Nc3+ 33. Kf3 g5 34. g4 f4 35. Nb4+ Kd7 36. d5 Be5 37. Bb6 Bd6 38. Bd4 Bxb4 39. axb4 Nxd5 40. Bc5 Ke6 41. Ke4 Nc3+ 42. Kd3 Na4 43. Kc2 Kd5 44. Be7 Ke4 45. Bxg5 Kf3 46. Bh6 Kxg4 47. Kd3 Kf3 48. Kd4 Nb2 49. Bg5 Nd1 50. Ke5 Nxf2 51. Bxf4 Nd3+ 52. Kf5 Nxf4 53. Kg5 Nd3 54. Kh4 Kg2 55. Kg4 Nxb4 0-1


[Site "https://www.chess.com"]

[Event "Titled Tuesday Blitz April 19 Early 2022"]
[White "Marczuk, Dominik"]
[Black "Kornyukov, Alexey"]
[WhiteFideId "1111264"]
[BlackFideId "4150457"]
[WhiteElo "1912"]
[BlackElo "2303"]
[Result "0-1"]
[Round "06"]
[TimeControl "180+1"]
[Date "2022.04.19"]
[WhiteClock "0:00:11"]
[BlackClock "0:00:45"]

1. e4 c5 2. Nf3 Nc6 3. d4 cxd4 4. Nxd4 Nf6 5. Nc3 e5 6. Ndb5 d6 7. Nd5 Nxd5 8. exd5 Nb8 9. a4 Be7 10. Be3 Nd7 11. Be2 O-O 12. O-O a6 13. Na3 f5 14. f3 f4 15. Bf2 Qe8 16. Nc4 Qh5 17. Kh1 Rf6 18. Qd2 Rh6 19. Bg1 Bh4 20. Rfd1 Bg3 21. h3 Nb6 22. Bxb6 Bxh3 23. Kg1 Bxg2 24. Kxg2 Qh3+ 25. Kg1 Qh1# 0-1


[Site "https://www.chess.com"]

[Event "Titled Tuesday Blitz April 19 Early 2022"]
[White "Martic, Ivan"]
[Black "Petrovskyi, Vadym"]
[WhiteFideId "929301"]
[BlackFideId "14165210"]
[WhiteElo "2317"]
[BlackElo "2400"]
[Result "0-1"]
[Round "06"]
[TimeControl "180+1"]
[Date "2022.04.19"]
[WhiteClock "0:00:02"]
[BlackClock "0:00:11"]

1. e4 c5 2. Nf3 d6 3. d4 cxd4 4. Nxd4 Nf6 5. Nc3 a6 6. Be2 e5 7. Nf3 Be7 8. O-O O-O 9. Bg5 Be6 10. a4 Nbd7 11. a5 Rc8 12. Nd2 d5 13. exd5 Nxd5 14. Bxe7 Qxe7 15. Nxd5 Bxd5 16. c4 Bc6 17. Qb1 e4 18. Nb3 f5 19. Re1 e3 20. Bf1 f4 21. Nd4 exf2+ 22. Kxf2 Qc5 23. Qd1 f3 24. g3 Ne5 25. h3 Rcd8 26. b4 Qxd4+ 27. Qxd4 Rxd4 28. Rxe5 Rd2+ 29. Ke3 Rb2 30. b5 Bd7 31. Re7 Bc8 32. b6 h5 33. c5 Bxh3 34. Bc4+ Kh7 35. Rxb7 f2 36. Bf1 Re8+ 37. Kd4 Bf5 38. c6 Rd2+ 39. Kc3 Rc2+ 40. Kb3 Re3+ 41. Kb4 Re1 42. Rf7 Rxa1 43. Rxf5 Rxf1 0-1


[Site "https://www.chess.com"]

[Event "Titled Tuesday Blitz April 19 Early 2022"]
[White "Matlakov, Maxim"]
[Black "Tristan, Leonardo"]
[WhiteFideId "4168003"]
[BlackFideId "113816"]
[WhiteElo "2669"]
[BlackElo "2404"]
[Result "1-0"]
[Round "06"]
[TimeControl "180+1"]
[Date "2022.04.19"]
[WhiteClock "0:00:09"]
[BlackClock "0:00:01"]

1. Nf3 d5 2. d4 Nf6 3. c4 e6 4. Nc3 a6 5. cxd5 exd5 6. Qb3 Ra7 7. Bg5 Be6 8. e3 Nbd7 9. Bd3 Bd6 10. O-O c6 11. Qc2 Qc7 12. Ne2 h6 13. Bf4 O-O 14. h3 Raa8 15. b4 Rfe8 16. a4 Bxf4 17. Nxf4 Qd6 18. Rab1 b5 19. Rfc1 Rec8 20. a5 g5 21. Nxe6 fxe6 22. e4 Qf4 23. Re1 Kh8 24. Re3 Nh5 25. exd5 cxd5 26. Qe2 Ng7 27. Re1 Rf8 28. g3 Qf6 29. Kg2 Rac8 30. h4 g4 31. Ne5 Nxe5 32. Rxe5 Rc3 33. Kg1 Rxd3 34. Qxd3 Qxf2+ 35. Kh1 Rf3 36. Qe2 Qxg3 37. Qh2 Qxh2+ 38. Kxh2 Rb3 39. Rc1 Rxb4 40. Rc6 Rxd4 41. Rxa6 Ra4 42. h5 Ra3 43. Ra8+ Kh7 44. Ra7 Kg8 45. Re1 b4 46. Rc1 g3+ 47. Kg2 Ra2+ 48. Kxg3 Nf5+ 49. Kf4 Nd6 50. Ke5 Nc4+ 51. Kxe6 Rxa5 52. Rg1+ Kf8 53. Rf7+ 1-0


[Site "https://www.chess.com"]